 Dungeon Crawl Stone Soup version 0.29.1-12-g30fa7ad0bf (webtiles) character file.

Game seed: 4307041609546813987

38 112233 the Sneak (level 3, -1/15 HPs)
             Began as a Felid Air Elementalist on Dec 18, 2022.
             Slain by a gnoll
             ... wielding a +0 spear
              (8 damage)
             ... on level 2 of the Dungeon.
             The game lasted 00:00:47 (1667 turns).

112233 the Sneak (Felid Air Elementalist)           Turns: 1667, Time: 00:00:48

Health: -1/15      AC:  1    Str:  4    XL:     3   Next: 25%
Magic:  4/7        EV: 18    Int: 18    God:
Gold:   51         SH:  0    Dex: 16    Spells: 5/6 levels left
                                        Lives:  0   Deaths: 0

rFire   . . .      SeeInvis +   (weapon unavailable)
rCold   . . .      Faith    .   (shield unavailable)
rNeg    . . .      Spirit   .   (body armour unavailable)
rPois   .          Reflect  .   (helmet unavailable)
rElec   .          Harm     .   (cloak unavailable)
rCorr   .          Rampage  .   (gloves unavailable)
Will    .....                   (boots unavailable)
Stlth   ++........              (no amulet)
HPRegen 0.05/turn               (no ring)
MPRegen 0.10/turn               (no ring)

@: quick
A: very small, claws 1, fangs 3, see invisible, speed 1, shaggy fur 1, stealthy
paws, no weapons or thrown items, no armour, multi-lived
a: no special abilities


You were on level 2 of the Dungeon.
You visited 1 branch of the dungeon, and saw 2 of its levels.

You collected 51 gold pieces.

Inventory:

Jewellery
 e - an amulet of faith
Scrolls
 b - 2 scrolls of amnesia {unknown}
 c - a scroll of fear {unknown}
 d - a scroll of immolation {unknown}
 f - a scroll of butterflies {unknown}
 h - a scroll of magic mapping {unknown}
 j - a scroll of teleportation {unknown}
 k - a scroll of identify {unknown}
 l - a scroll of brand weapon {unknown}
Potions
 a - a potion of magic
 g - a potion of berserk rage {unknown}
 i - 2 potions of haste {unknown}


   Skills:
 + Level 1.2 Fighting
 + Level 3.3 Dodging
 + Level 3.4 Stealth
 + Level 2.4 Spellcasting
 - Level 0.8 Conjurations
 - Level 2.6 Air Magic


You had 5 spell levels left.
You knew the following spells:

 Your Spells              Type           Power      Damage    Failure   Level
a - Shock                 Conj/Air       32%        1d5       9%          1

Your spell library contained the following spells:

 Spells                   Type           Power      Damage    Failure   Level
 Static Discharge         Conj/Air       8%         3-4/arc   13%         2
 Swiftness                Air            11%        N/A       17%         3
 Airstrike                Air            5%         2d(1-17)  50%         4


Dungeon Overview and Level Annotations

Branches:
Dungeon (2/15)

Altars:

Shops:
D:1 ((


Innate Abilities, Weirdness & Mutations

You have sharp claws.
You have razor-sharp teeth.
You have supernaturally acute eyesight. (SInv)
You cover ground quickly. (Speed+)
You are covered in fur. (AC +1)
Your paws help you pounce on unaware monsters.
You are incapable of wielding weapons or throwing items.
You cannot wear armour.
You gain extra lives every three experience levels.


Message History

You can't see any susceptible monsters within range! (Use Z to cast anyway.)
You see here a +0 mace.
l - a scroll labelled MAFOGO MUOS
Casting: Shock (safe; 9% risk of failure)
Confirm with . or Enter, or press ? or * to list all spells.
You can't see any susceptible monsters within range! (Use Z to cast anyway.) As you open the door, it creaks loudly!
You hear a shout!
Found 2 gold pieces and 6 poisoned darts.
There is an open door here.
You now have 51 gold pieces (gained 2). 2 gnolls come into view.
You see here 6 poisoned darts.
Casting: Shock (safe; 9% risk of failure)
Confirm with . or Enter, or press ? or * to list all spells.
Aiming: Shock (safe; 9% risk of failure)
Press: ? - help, Shift-Dir - straight line, f - gnoll
Aim: a gnoll, wielding a +0 spear (wandering, hasn't noticed you, 72% to hit)
The zap hits the gnoll.
The gnoll is moderately wounded.
The gnoll hits you from afar with a +0 spear.
There are monsters nearby!
Casting: Shock (safe; 9% risk of failure)
Confirm with . or Enter, or press ? or * to list all spells.
Aiming: Shock (safe; 9% risk of failure)
Press: ? - help, Shift-Dir - straight line, f/p - gnoll
Aim: a gnoll, wielding a +0 spear (moderately wounded, 72% to hit)
The zap hits the gnoll.
The gnoll is severely wounded.
The gnoll hits you from afar with a +0 spear.
There are monsters nearby!
Casting: Shock (safe; 9% risk of failure)
Confirm with . or Enter, or press ? or * to list all spells.
Aiming: Shock (safe; 9% risk of failure)
Press: ? - help, Shift-Dir - straight line, f/p - gnoll
Aim: a gnoll, wielding a +0 spear (severely wounded, 72% to hit)
The zap hits the gnoll.
The gnoll is almost dead.
The gnoll hits you from afar with a +0 spear!
Ouch! That really hurt!
You die...

#.....##.......#
#.....##.......#
#.....##.#+#####
#.....##.#
#.....+..#
#.....# ##
####'## #.# #@#
#..gg...#
#########


You could see 2 gnolls.

Vanquished Creatures
  5 endoplasms
  3 giant cockroaches (D:1)
  6 goblins
  4 hobgoblins (D:1)
  A kobold (D:2)
  2 quokkas (D:1)
  4 ball pythons
  2 bats
  3 frilled lizards
  2 rats (D:1)
32 creatures vanquished.

Notes
Turn   | Place    | Note
-------+----------+-------------------------------------------
     0 | D:1      | 112233 the Felid Air Elementalist began the quest for the
                  | Orb.
     0 | D:1      | Reached XP level 1. HP: 7/7 MP: 4/4
   272 | D:1      | Found Qeintu's Weapon Emporium.
   337 | D:1      | Reached XP level 2. HP: 7/12 MP: 0/6
   754 | D:1      | Found Quzel's Weapon Boutique.
   847 | D:1      | Reached skill level 1 in Fighting
   871 | D:1      | Found a faded altar of an unknown god.
  1437 | D:2      | Reached XP level 3. HP: 15/15 MP: 5/7
  1667 | D:2      | Slain by a gnoll

Illustrated notes

Levels and vault maps discovered:
D:1:      ncdulo_smallfort, layout_rooms,
          hellmonk_ecumenical_altar_prayer_group, serial_shops,
          nicolae_lakefront_shop, nicolae_shop_bloodbath_and_beyond,
          feat_on_display
D:2:      minmay_spotlight, layout_basic, minmay_unequal

Skill      XL: |  1  2 |
---------------+-------+-----
Dodging        | 3 |  3.3
Stealth        | 3 |  3.4
Fighting       | 1 |  1.2
Spellcasting   | |  2.4
Conjurations   | |  0.8
Air Magic      | |  2.6

Action                   || total
-------------------------++-------
Melee: Unarmed           ||     7
       Bite              ||     1
 Cast: Shock             ||    68
Armor: Skin              ||     1
Dodge: Dodged            ||    11
